 Dungeon Crawl Stone Soup version 0.23.1 (webtiles) character file.

Game seed: 1597650338607624416

58 Vno the Conjurer (level 3, -1/26 HPs)
             Began as a Draconian Conjurer on Mar 11, 2019.
             Slain by Natasha (6 damage)
             ... on level 3 of the Dungeon.
             The game lasted 00:07:32 (1538 turns).

Vno the Conjurer (Draconian Conjurer)               Turns: 1538, Time: 00:07:33

Health: -1/26      AC:  5    Str: 10    XL:     3   Next: 76%
Magic:  16/21      EV: 12    Int: 16    God:
Gold:   29         SH:  0    Dex: 11    Spells: 6/7 levels left

rFire    . . .     SeeInvis .   m - staff of power
rCold    . . .     Gourm    .   (no shield)
rNeg     . . .     Faith    .   (armour unavailable)
rPois    .         Spirit   .   (helmet restricted)
rElec    .         Reflect  .   (no cloak)
rCorr    .         Harm     .   (no gloves)
MR       .....                  (no boots)
Stlth    ++........             (no amulet)
HPRegen  0.08/turn              d - ring of flight
MPRegen  0.17/turn              (no ring)

@: slowed, very slow
A: unfitting armour, cold-blooded, AC +5
a: Evoke Flight


You were on level 3 of the Dungeon.
You were not hungry.

You visited 1 branch of the dungeon, and saw 3 of its levels.

You collected 29 gold pieces.

Inventory:

Hand Weapons
 c - a +3 short sword
Magical Staves
 m - an uncursed staff of power (weapon)
Jewellery
 d - a ring of flight (left hand)
Scrolls
 e - a scroll of enchant weapon {unknown}
 f - a scroll of blinking {unknown}
 g - 2 scrolls of identify {unknown}
 h - 2 scrolls of fog {unknown}
 i - a scroll of fear {unknown}
 k - a scroll of noise {unknown}
 o - a scroll of enchant armour {unknown}
Potions
 a - a potion of ambrosia {unknown}
 j - a potion of brilliance {unknown}
 l - a potion of heal wounds {unknown}
Comestibles
 b - 2 rations


   Skills:
 + Level 0.4 Short Blades
 - Level 1.7 Dodging
 - Level 1.7 Stealth
 + Level 2.5 Spellcasting
 + Level 5.1 Conjurations


You had 6 spell levels left.
You knew the following spells:

 Your Spells              Type           Power        Failure   Level  Hunger
a - Magic Dart            Conj           ###.         2%          1    #......

Your spell library contained the following spells:

 Spells                   Type           Power        Failure   Level  Hunger
 Searing Ray              Conj           ###...       3%          2    ##.....
 Dazzling Spray           Conj/Hex       ##....       21%         3    ###....
 Iskenderun's Mystic Bla  Conj           ###.....     24%         4    #####..
 Force Lance              Conj/Tloc      ##......     56%         4    #####..
 Fulminant Prism          Conj/Hex       ##........   56%         4    #####..


Dungeon Overview and Level Annotations

Branches:
Dungeon (3/15)

Altars:

Annotations:
D:2 Sigmund
D:3 Natasha


Innate Abilities, Weirdness & Mutations

Your plain brown scales are hard. (AC +5)
You cannot fit into any form of body armour.
You are cold-blooded and may be slowed by cold attacks.


Message History

The crimson imp disappears in a puff of smoke!
You hear the sound of rushing water.
There is an entrance to a sewer on this level.
Hurry and find it before the portal rusts away!
You hear the rapid rusting of a drain nearby.
There is a stone staircase leading up here.
You hit Natasha but do no damage.
Natasha is almost dead.
Natasha claws you.
Natasha stares at you and mumbles some strange words.
The magic dart hits you.
* * * LOW HITPOINT WARNING * * *
Casting: Magic Dart (safe; 2% risk of failure)
Confirm with . or Enter, or press ? or * to list all spells.
Aiming: Magic Dart (safe; 2% risk of failure)
Press: ? - help, Shift-Dir - straight line, f - Natasha
Aim: Natasha (almost dead)
The magic dart hits Natasha.
Natasha is almost dead.
Natasha claws you.
You die...

#...######.# #.#..## .
#.### #.# #.##.# . #.#
#.# #.##.# . #.# #.#
#.##.## ##. #.# #.#
#.##..# #..
#.########.###.###.+##+.#
#......)..>.............#
##########.#...#######...
#...@h.#...# ##.#
#.######...########.#
##...........<.
#........####.#
#...####.####.#
#...(..........
#)#..)..รท.....#
#.#####.####### #. #.#


You could see Natasha.

Vanquished Creatures
  An ooze (D:1)
  2 worms (D:3)
  2 dart slugs (D:1)
  A ball python (D:3)
  3 bats (D:1)
  2 giant cockroaches
  4 goblins
  7 hobgoblins
  4 jackals (D:3)
  5 kobolds
  2 quokkas
  A frilled lizard (D:1)
  5 rats
39 creatures vanquished.

Notes
Turn   | Place    | Note
-------+----------+-------------------------------------------
     0 | D:1      | Vno the Draconian Conjurer began the quest for the Orb.
     0 | D:1      | Reached XP level 1. HP: 14/14 MP: 3/3
   250 | D:1      | Reached XP level 2. HP: 14/20 MP: 0/5
   610 | D:1      | Reached XP level 3. HP: 26/26 MP: 3/6
   900 | D:2      | Noticed Sigmund
   973 | D:2      | Noticed Natasha
  1136 | D:3      | Reached skill level 5 in Conjurations
  1538 | D:3      | Slain by Natasha

Skill      XL: |  1  2  3 |
---------------+----------+-----
Conjurations   | 5 |  5.1
Short Blades   | |  0.4
Dodging        | |  1.7
Stealth        | |  1.7
Spellcasting   | |  2.5

Action                   || total
-------------------------++-------
Melee: Unarmed           ||     6
       Short sword       ||    21
       Tailslap          ||     3
       Staff             ||     2
 Cast: Magic Dart        ||    80
  Eat: Chunk             ||     3
Armor: Skin              ||    14
Dodge: Dodged            ||    30
